Map: Traitor's Exile

Players

CrOnIk

  • Race: Protoss Protoss
  • Spawn Location: 5:00

Detritus

  • Race: Terran Terran
  • Spawn Location: 6:00

Smileblind - Winner!

  • Race: Protoss Protoss
  • League: Silver
  • Spawn Location: 9:00

Megalus - Winner!

  • Race: Zerg Zerg
  • Spawn Location: 12:00

VOD

Have the link to the VOD?

Description

Time

  • Played on: Feb. 10, 2019, 1 a.m.
  • Length: 20:05
Show
View Real Time Build Order
Export as new Build Order

CrOnIk Protoss 

Build Orders:  

Get SALT Encoding   

  1  0:00  Probe  
  13  0:07  Probe  
  14  0:24  Pylon  
  14  0:29  Probe  
  16  0:42  Probe  
  16  0:44  Gateway  
  16  0:58  Probe  
  17  1:06  Assimilator, Probe  
  18  1:16  Probe  
  19  1:24  Pylon  
  19  1:49  Cybernetics Core  
  19  1:52  Gateway  
  19  1:56  Gateway  
  19  2:00  Probe  
  19  2:05  Gateway  
  19  2:08  Probe  
  21  2:21  Warp Gate  
  21  2:27  Nexus  
  21  2:41  Stalker  
  23  2:45  Assimilator  
  23  2:50  Pylon  
  23  2:53  Probe  
  24  3:04  Pylon  
  24  3:05  Probe  
  25  3:16  Stalker  
  25  3:17  Probe  
  28  3:26  Stalker  
  30  3:29  Probe  
  31  3:35  Zealot  
  35  3:56  Probe  
  35  3:57  Probe  
  37  4:08  Pylon, Probe  
  37  4:09  Probe  
  37  4:10  Gateway  
  37  4:13  Pylon  
  37  4:20  Zealot  
  37  4:21  Zealot  
  37  4:23  Sentry  
  43  4:26  Sentry  
  45  4:41  Stalker x2  
  49  5:32  Zealot x4  
  49  5:33  Probe  
  55  5:37  Probe  
  55  5:41  Assimilator, Probe  
  55  5:42  Assimilator  
  55  5:46  Forge  
  55  5:49  Probe  
  53  5:55  Zealot x5  
  55  6:01  Probe  
  56  6:07  Pylon  
  56  6:18  Pylon  
  56  6:21  Stalker x2  
  56  6:22  Photon Cannon  
  56  6:23  Sentry  
  56  6:24  Sentry  
  64  6:31  Pylon  
  64  6:39  Stargate  
  64  6:40  Probe  
  64  6:41  Probe  
  66  6:53  Probe x2  
  67  6:55  Photon Cannon  
  54  7:08  Photon Cannon  
  26  7:44  Zealot x5  
  34  7:55  Photon Cannon  
  34  8:04  Photon Cannon  
  34  8:06  Probe  
  35  8:14  Sentry x2  
  39  8:24  Probe x2  
  39  8:32  Probe x2  
  43  8:53  Stalker x3  
  49  9:05  Zealot x2  
  49  9:18  Photon Cannon  
  49  9:20  Void Ray  
  41  9:29  Probe  
  40  9:40  Stalker x2  
  40  9:41  Sentry  
  40  9:42  Sentry  
  48  10:02  Zealot  
  48  10:03  Zealot  
  48  10:05  Stalker x2  
  44  10:07  Sentry  
  44  10:29  Stalker x2  
  44  10:30  Stalker  
  44  10:31  Sentry x2  
  48  10:56  Stalker  
  48  10:57  Stalker x3  
  56  11:18  Void Ray  
  44  11:31  Zealot  
  44  11:32  Zealot x3  
  52  11:34  Probe  
  52  11:36  Probe  
  54  11:52  Void Ray  
  54  12:07  Probe  
  59  12:28  Nexus  
  53  12:40  Void Ray  
  55  12:56  Stargate  
  55  12:59  Pylon  
  55  13:03  Protoss Air Weapons Level 1  
  55  13:04  Pylon  
  55  13:16  Stalker x2  
  55  13:17  Stalker x3  
  65  13:23  Pylon  
  61  13:42  Zealot  
  61  13:43  Stalker x2  
  61  13:44  Stalker  
  69  13:49  Probe x2  
  69  13:51  Probe  
  72  14:08  Assimilator  
  59  14:12  Assimilator  
  33  14:51  Stalker x3  
  33  14:52  Stalker x2  
Show
View Real Time Build Order
Export as new Build Order

Detritus Terran 

Build Orders:  

Get SALT Encoding   

  4  5:44  SCV  
  5  6:00  SCV  
  6  6:07  Supply Depot  
  6  6:22  SCV  
  7  6:39  SCV  
  8  7:00  Barracks  
  8  7:49  Refinery  
  9  7:52  Orbital Command  
  9  7:57  Refinery  
  8  8:36  Factory  
  4  8:55  Orbital Command  
    10:25  Orbital Command  
    11:00  SCV  
  1  11:15  Factory, SCV  
  2  11:45  SCV  
  3  11:57  SCV  
  3  11:59  Widow Mine  
  6  12:09  SCV  
  7  12:20  Widow Mine  
  7  12:21  SCV  
  10  12:33  SCV  
  11  12:46  SCV  
  14  12:58  SCV, Widow Mine  
  14  13:01  Refinery  
  14  13:05  Refinery  
  15  13:34  Supply Depot  
  15  13:56  SCV  
  15  13:58  Supply Depot  
  16  14:04  Factory Tech Lab  
  16  14:08  SCV  
  17  14:20  SCV, Widow Mine  
  20  14:33  Armory  
  20  15:07  Factory  
  20  15:13  Factory  
  20  15:15  Factory Tech Lab  
  20  15:22  SCV  
  21  15:31  Factory  
  21  15:36  Drilling Claws  
  21  15:39  Widow Mine  
  23  15:43  SCV  
  24  15:54  Supply Depot  
  24  15:56  SCV  
  25  15:58  Widow Mine x2  
  25  16:00  Widow Mine  
  31  16:16  SCV, Supply Depot  
  32  16:19  Widow Mine  
  32  16:20  Supply Depot, Widow Mine  
  32  16:22  Widow Mine  
  38  16:28  SCV  
  39  16:38  Supply Depot, Widow Mine  
  41  16:40  SCV  
  41  16:45  Supply Depot  
  42  16:48  Widow Mine x3  
  42  16:52  SCV  
  49  16:59  Widow Mine  
  49  17:00  Supply Depot  
  51  17:09  Supply Depot, Widow Mine x2  
  55  17:20  Widow Mine  
  55  17:21  Widow Mine  
  59  17:30  Widow Mine  
  59  17:31  Widow Mine  
  63  17:41  Widow Mine  
  61  17:59  Widow Mine  
  61  18:03  Widow Mine  
  63  18:22  Widow Mine  
  63  18:24  Widow Mine  
  61  19:00  Widow Mine x2  
  65  19:19  Starport  
  65  19:21  Widow Mine  
  65  19:22  Widow Mine  
Show
View Real Time Build Order
Export as new Build Order

Smileblind Protoss - Winner!

Build Orders:  

Get SALT Encoding   

  12  0:01  Probe  
  13  0:13  Probe  
  14  0:24  Pylon  
  14  0:25  Probe  
  15  0:39  Probe  
  14  1:05  Probe  
  15  1:18  Probe  
  14  1:30  Probe  
  8  1:42  Probe  
  4  1:48  Pylon  
  4  1:52  Probe  
  4  2:00  Probe  
  5  2:08  Probe  
  6  2:31  Probe  
  7  2:57  Probe  
  8  3:09  Probe  
  8  3:25  Probe  
  8  3:36  Probe  
  9  3:44  Probe  
  9  3:47  Forge  
  9  3:52  Probe  
  11  4:04  Probe  
  12  4:16  Probe  
  13  4:23  Pylon  
  13  4:28  Probe  
  14  4:40  Probe  
  14  4:43  Photon Cannon  
  15  4:52  Photon Cannon  
  15  5:04  Photon Cannon  
  7  5:39  Probe  
  6  5:48  Probe  
  8  5:57  Photon Cannon, Probe  
  9  6:08  Probe  
  10  6:16  Probe  
  10  6:24  Probe  
  12  6:34  Gateway  
  12  6:36  Probe  
  13  6:48  Probe  
  14  7:00  Probe  
  15  7:12  Probe  
  16  7:24  Probe  
  16  7:39  Probe  
  17  7:45  Zealot  
  17  7:47  Photon Cannon  
  19  7:55  Cybernetics Core  
  19  8:02  Assimilator, Probe  
  20  8:12  Zealot  
  22  8:14  Probe  
  22  8:18  Pylon  
  23  8:31  Pylon  
  23  8:36  Probe  
  23  8:39  Zealot  
  26  8:43  Shield Battery  
  26  8:47  Assimilator  
  26  8:48  Probe  
  26  8:55  Photon Cannon  
  27  8:58  Shield Battery  
  27  9:01  Probe  
  28  9:13  Pylon, Probe  
  29  9:37  Photon Cannon  
  29  9:38  Photon Cannon  
  29  9:39  Photon Cannon  
  29  9:45  Shield Battery  
  29  10:06  Warp Gate  
  29  10:12  Protoss Ground Weapons Level 1  
  29  10:14  Nexus  
  29  10:26  Stalker  
  31  10:53  Stalker  
  31  10:57  Stargate, Probe  
  34  11:06  Probe  
  35  11:14  Probe  
  36  11:23  Probe  
  37  11:35  Probe  
  37  11:39  Void Ray  
  36  11:52  Probe  
  41  12:04  Probe  
  42  12:10  Gateway  
  42  12:14  Pylon  
  42  12:19  Pylon  
  42  12:21  Void Ray  
  46  12:29  Probe  
  46  12:33  Twilight Council  
  47  12:37  Probe  
  47  12:38  Assimilator  
  48  12:44  Assimilator  
  48  12:47  Probe  
  49  12:59  Stalker, Charge, Probe  
  52  13:08  Sentry  
  52  13:11  Probe  
  55  13:20  Void Ray  
  59  13:29  Probe  
  60  13:41  Probe  
  60  13:45  Stalker x2  
  65  13:53  Probe  
  66  14:00  Pylon  
  66  14:03  Void Ray  
  66  14:05  Probe, Pylon  
  71  14:12  Shield Battery  
  67  14:18  Probe  
  68  14:33  Zealot  
  68  14:34  Zealot  
  72  14:46  Void Ray  
  70  15:30  Void Ray  
  74  15:56  Stalker  
  74  15:57  Stalker  
  78  16:10  Gateway  
  78  16:12  Gateway, Void Ray  
  78  16:13  Gateway  
  78  16:16  Gateway  
  78  16:18  Gateway  
  82  16:42  Stalker x2  
  86  16:55  Void Ray  
  90  17:13  Zealot x2  
  94  17:20  Pylon  
  94  17:23  Pylon  
  94  17:25  Pylon  
  94  17:26  Pylon  
  94  17:27  Pylon  
  94  17:38  Void Ray  
  94  17:39  Zealot x2  
  94  17:42  Zealot x4  
  94  17:43  Zealot  
  80  18:42  Oracle  
  80  18:44  Robotics Facility  
  80  18:45  Dark Shrine  
  83  19:06  Robotics Facility  
Show
View Real Time Build Order
Export as new Build Order

Megalus Zerg - Winner!

Build Orders: Hatch First, Swarm Host 

Get SALT Encoding   

  12  0:06  Drone  
  13  0:11  Drone  
  14  0:43  Hatchery  
  13  0:53  Spawning Pool  
  13  0:54  Drone  
  13  0:59  Drone  
  14  1:11  Overlord  
  14  2:03  Zergling x4  
  14  2:04  Queen, Zergling x2  
  19  2:14  Drone  
  19  2:15  Drone  
  21  2:33  Extractor  
  21  2:34  Drone  
  21  2:35  Drone  
  22  2:38  Drone x3  
  24  2:51  Zergling x6  
  25  3:12  Drone x3  
  28  3:37  Overlord x2  
  28  3:50  Overlord  
  28  3:55  Lair  
  28  4:00  Drone x4  
  28  4:01  Drone x2  
  34  4:08  Extractor  
  33  4:17  Drone  
  33  4:18  Drone  
  35  4:37  Baneling Nest  
  34  4:38  Metabolic Boost  
  34  4:45  Queen  
  36  4:47  Zergling x2  
  36  4:48  Zergling x4  
  39  5:12  Zergling x2  
  39  5:13  Zergling x18  
  49  5:24  Baneling  
  49  5:25  Baneling  
  49  5:26  Baneling x4  
  39  6:11  Infestation Pit  
  38  6:28  Drone x4  
  38  6:29  Drone x2  
  38  6:30  Baneling x2  
  38  6:31  Baneling, Zergling x2  
  38  6:32  Zergling x2  
  46  6:34  Zergling x8  
  46  6:38  Extractor  
  47  7:11  Baneling  
  47  7:12  Baneling x2  
  47  7:13  Baneling x3  
  47  7:18  Zergling x2  
  47  7:19  Zergling x8  
  47  7:21  Overlord x4  
  47  7:22  Overlord x2  
  40  7:53  Hatchery  
  39  8:14  Swarm Host x2  
  39  8:15  Swarm Host x2  
  51  8:33  Zergling x2  
  52  9:16  Swarm Host x5  
  64  9:37  Burrow  
  64  9:40  Drone x3  
  67  9:46  Lair  
  59  10:43  Drone x4  
  58  10:55  Hydralisk Den  
  57  10:59  Queen  
  57  11:01  Queen  
  61  11:10  Spore Crawler  
  60  11:12  Spore Crawler  
  57  11:29  Drone  
  57  11:30  Drone x5  
  63  11:44  Zergling x2  
  64  11:50  Zergling x2  
  64  11:51  Zergling x4  
  65  12:20  Hydralisk x5  
  65  12:44  Zergling x6  
  65  12:51  Hydralisk x2  
  69  13:00  Infestor  
  71  13:20  Extractor  
  71  13:23  Queen  
  71  13:24  Queen  
  74  13:29  Hydralisk  
  74  13:30  Hatchery, Hydralisk x3  
  81  13:39  Hydralisk  
  83  13:50  Roach Warren  
  72  14:25  Hydralisk x3  
  78  14:43  Swarm Host  
  81  15:02  Roach  
  81  15:03  Roach x3  
  81  15:05  Overlord  
  81  15:06  Overlord x12  
  89  15:45  Swarm Host x4  
  89  15:46  Swarm Host x3  
  89  15:48  Hydralisk x3  
  116  16:05  Hydralisk x6  
  128  16:23  Glial Reconstitution  
  128  16:26  Muscular Augments  
  128  16:29  Neural Parasite  
  128  17:21  Roach x5  
  128  17:22  Roach  
  140  17:23  Hydralisk x7  
  140  17:24  Hydralisk x3  
  160  17:37  Grooved Spines  
  160  17:41  Tunneling Claws  
  97  18:36  Overseer  
  97  18:38  Overseer  
  68  18:56  Infestor  
  68  18:57  Hydralisk  
  68  18:58  Hydralisk x15  
  68  19:02  Roach  
  104  19:10  Pneumatized Carapace  
  104  19:12  Drone x3  
  107  19:29  Roach x3  
  107  19:43  Extractor  
  106  19:46  Extractor  
Tags
 
Add a new tag
Caveats
  • Supply blocks, unpowered buildings, or Contaminate may cause inaccurate times.
  • Supply counts are checked every 10 seconds.